Penguins vs Lightning
(R1)
Created - May 16, 2020 at 19:32
Goals
|
| Penguins |
1 |
2 |
1 |
4 |
| Lightning |
1 |
1 |
1 |
3 |
|
Shots
|
| Penguins |
14 |
12 |
5 |
31 |
| Lightning |
15 |
12 |
7 |
34 |
|
1st period
1. Penguins , Cal Clutterbuck 1 (Marcus Foligno 1, Joe Colborne 1) at 6:06
2. Lightning , Kris Versteeg 1 (Henrik Zetterberg 1) at 7:47 (PP)
Penalties :
Steven Stamkos (Pit) for Cross-checking (Minor) at 7:31
2nd period
3. Penguins , Steven Stamkos 1 (Andrew Cogliano 1, Claude Giroux 1) at 4:01
4. Lightning , Reilly Smith 1 (Mark Scheifele 1, Daniel Carcillo 1) at 4:55 (PP)
5. Penguins , Claude Giroux 1 (Danny DeKeiser 1, Andrew Cogliano 2) at 13:38
Penalties :
Steven Stamkos (Pit) for Holding (Minor) at 1:20, Marcus Foligno (Pit) for Interference (Minor) at 4:25, Danny DeKeiser (Pit) for Holding (Minor) at 10:24, Kris Versteeg (TB.) for High sticking (Minor) at 13:56
3rd period
6. Penguins , Tuomo Ruutu 1 (Ales Hemsky 1, Sean Bergenheim 1) at 4:47
7. Lightning , Darren Helm 1 (Jon Merrill 1, Scottie Upshall 1) at 11:09
Penalties :
Scottie Upshall (TB.) for Elbowing (Minor) at 1:06, Jaden Schwartz (TB.) for Hooking (Minor) at 5:37, Matt Corrente (Pit) for Hooking (Minor) at 8:58, Dustin Brown (Pit) for Hooking (Minor) at 11:22, Joni Pitkanen (TB.) for Tripping (Minor) at 15:21, Jean-Gabriel Pageau (TB.) for Holding (Minor) at 17:35
Goalie Stats
Michal Neuvirth (Pit), 31 saves from 34 shots - (0.912), W, 1-0-0, 60:00 minutes
Philipp Grubauer (TB.), 27 saves from 31 shots - (0.871), L, 0-1-0, 60:00 minutes
Players Stats for Penguins
Player Name G A P +/- PIM S H SB GA TA FO MP PP MP PK MP
------------------------------------------------------------------------------------
Ales Hemsky 0 1 1 1 0 1 0 0 1 0 0/0 6:44 0:17 0:10
Andrew Cogliano 0 2 2 2 0 2 2 0 0 1 1/1 20:08 4:22 1:18
Cal Clutterbuck 1 0 1 0 0 2 0 1 1 0 0/0 12:42 0:00 2:36
Claude Giroux 1 1 2 2 0 4 0 0 1 1 3/6 22:02 4:08 5:03
Danny DeKeiser 0 1 1 2 2 0 0 1 1 2 0/0 20:26 3:23 2:19
Dustin Brown 0 0 0 0 2 1 1 0 0 0 2/2 17:45 5:30 0:00
Eric Gryba 0 0 0 2 0 3 0 0 1 0 0/0 16:01 0:00 3:28
Joe Colborne 0 1 1 1 0 0 2 0 0 0 2/5 9:54 0:00 0:00
Keith Aulie 0 0 0 1 0 2 1 2 1 2 0/0 29:17 6:32 5:04
Logan Couture 0 0 0 0 0 1 0 0 0 1 5/11 17:25 5:30 1:49
Marcus Foligno 0 1 1 1 2 1 0 0 0 0 1/2 10:15 0:03 0:00
Matt Corrente 0 0 0 1 2 0 0 1 1 0 0/0 11:33 0:00 0:13
Sean Bergenheim 0 1 1 0 0 2 5 0 1 0 1/1 20:31 5:30 4:48
Sean Zimmerman 0 0 0 0 0 0 1 1 0 2 0/0 26:51 3:23 5:01
Steven Stamkos 1 0 1 0 4 9 0 1 2 0 14/23 19:57 4:25 1:50
Tomas Plekanec 0 0 0 1 0 1 0 0 0 0 0/2 6:17 0:00 0:00
Tuomo Ruutu 1 0 1 1 0 2 0 0 0 0 0/0 6:17 0:00 0:00
Victor Hedman 0 0 0 0 0 0 1 1 0 1 0/0 17:07 6:32 1:09
Players Stats for Lightning
Player Name G A P +/- PIM S H SB GA TA FO MP PP MP PK MP
------------------------------------------------------------------------------------
Alex Goligoski 0 0 0 -2 0 0 3 1 1 2 0/0 25:05 5:28 5:26
Ben Lovejoy 0 0 0 1 0 1 2 2 0 1 0/0 18:34 0:00 3:58
Daniel Carcillo 0 1 1 -1 0 4 2 0 0 0 0/0 19:15 3:40 5:16
Darren Helm 1 0 1 -1 0 2 2 0 0 0 0/0 10:30 0:30 1:28
Henrik Zetterberg 0 1 1 0 0 2 0 1 0 0 1/1 16:30 4:32 0:00
Jaden Schwartz 0 0 0 -1 2 7 2 1 2 0 0/1 12:47 0:00 1:45
Jean-Gabriel Pageau 0 0 0 -1 2 1 1 0 1 1 3/8 12:17 0:03 2:25
Jon Merrill 0 1 1 0 0 0 1 0 1 1 0/0 18:25 0:00 5:59
Joni Pitkanen 0 0 0 -3 2 2 1 1 0 1 0/0 22:47 5:28 3:00
Justin Schultz 0 0 0 0 0 0 2 0 0 1 0/0 16:24 3:14 0:00
Kris Versteeg 1 0 1 0 2 3 2 1 0 0 0/0 17:23 4:35 0:00
Mark Scheifele 0 1 1 -1 0 1 2 1 0 1 1/2 15:02 4:04 0:21
Mikael Backlund 0 0 0 -1 0 3 0 1 0 1 2/2 8:32 0:00 0:00
Patrick Kaleta 0 0 0 -1 0 2 1 1 1 0 0/1 12:48 0:00 3:05
Rasmus Ristolainen 0 0 0 -2 0 2 2 0 1 0 0/0 18:44 3:14 1:27
Reilly Smith 1 0 1 -1 0 3 1 0 1 0 0/0 13:26 4:07 0:00
Scottie Upshall 0 1 1 -1 2 1 0 0 1 0 0/0 8:37 0:00 0:00
Tyler Johnson 0 0 0 0 0 0 0 1 1 1 17/38 22:54 4:35 5:30
3 Stars
1 - Claude Giroux (Pit)
2 - Andrew Cogliano (Pit)
3 - Tuomo Ruutu (Pit)
Power Play
Penguins - 0 on 5 Attempt(s) - 0.00%
Lightning - 2 on 6 Attempt(s) - 33.33%
Penalty Kill
Penguins - 4 on 6 Attempt(s) - 66.67%
- Score 0 goal in Penalty Kill
Lightning - 5 on 5 Attempt(s) - 100.00%
- Score 0 goal in Penalty Kill
Team Stat
Penguins - Hits : 13 - Faceoff Wins : 29 - Blocked Shots : 8 - Penalty Minutes : 12
Lightning - Hits : 24 - Faceoff Wins : 24 - Blocked Shots : 11 - Penalty Minutes : 10
Official
Referees : Unknown
Linesman : Unknown
Game Notes
No Game Note
Finance
Level 1 -- Attendance: 5345 (89.08%) -- Ticket Income $614,675
Level 2 -- Attendance: 5000 (100.00%) -- Ticket Income $320,000
Level 3 -- Attendance: 1886 (94.30%) -- Ticket Income $82,984
Level 4 -- Attendance: 3164 (79.10%) -- Ticket Income $126,560
Luxury Box -- Attendance: 797 (79.70%) -- Ticket Income $171,355
Game was played at the Tampa Bay Stadium.
Total Attendance: 16192 (89.96%)
Total Ticket Income: $1,315,574
Other Income: $197,336
Total Income: $1,512,910
Penguins
5 vs 5 Forward
Center Left Wing Right Wing Time % Phy DF OF
1 Steven Stamkos Andrew Cogliano Dustin Brown 40 0 2 3
2 Logan Couture Sean Bergenheim Claude Giroux 30 0 2 3
3 Joe Colborne Marcus Foligno Cal Clutterbuck 20 0 2 3
4 Tomas Plekanec Tuomo Ruutu Ales Hemsky 10 0 2 3
5 vs 5 Defense
Defense Defense Time % Phy DF OF
1 Sean Zimmerman Keith Aulie 40 1 2 2
2 Danny DeKeiser Victor Hedman 30 1 2 2
3 Eric Gryba Matt Corrente 20 1 2 2
4 Sean Zimmerman Keith Aulie 10 1 2 2
PowerPlay Forward
Center Left Wing Right Wing Time % Phy DF OF
1 Steven Stamkos Andrew Cogliano Claude Giroux 60 0 0 5
2 Logan Couture Sean Bergenheim Dustin Brown 40 0 0 5
PowerPlay Defense
Defense Defense Time % Phy DF OF
1 Victor Hedman Keith Aulie 60 0 1 4
2 Sean Zimmerman Danny DeKeiser 40 0 1 4
Penalty Kill 4 Players Forward
Center Wing Time % Phy DF OF
1 Claude Giroux Sean Bergenheim 60 0 5 0
2 Steven Stamkos Cal Clutterbuck 40 0 5 0
Penalty Kill 4 Players Defense
Defense Defense Time % Phy DF OF
1 Sean Zimmerman Keith Aulie 60 1 4 0
2 Danny DeKeiser Eric Gryba 40 1 4 0
Penalty Kill - 3 Players Forward
Forward Time % Phy DF OF
1 Claude Giroux 60 0 5 0
2 Steven Stamkos 40 0 5 0
Penalty Kill - 3 Players Defense
Defense Defense Time % Phy DF OF
1 Sean Zimmerman Keith Aulie 60 1 4 0
2 Danny DeKeiser Eric Gryba 40 1 4 0
4 vs 4 Forward
Center Wing Time % Phy DF OF
1 Steven Stamkos Andrew Cogliano 60 0 2 3
2 Claude Giroux Sean Bergenheim 40 0 2 3
4 vs 4 Defense
Defense Defense Time % Phy DF OF
1 Sean Zimmerman Keith Aulie 60 1 2 2
2 Danny DeKeiser Victor Hedman 40 1 2 2
Last Minutes Offensive
Center Left Wing Right Wing Defense Defense
Steven Stamkos Sean Bergenheim Claude Giroux Victor Hedman Keith Aulie
Last Minutes Defensive
Center Left Wing Right Wing Defense Defense
Steven Stamkos Sean Bergenheim Claude Giroux Sean Zimmerman Keith Aulie
Goaltenders
Starting : Michal Neuvirth
Backup : Sergei Bobrovsky
Extra Forwards
Normal : Claude Giroux, Steven Stamkos, Marcus Foligno - PP : Claude Giroux, Steven Stamkos - PK : Claude Giroux
Extra Defensemen
Normal : Sean Zimmerman, Danny DeKeiser, Eric Gryba - PP : Victor Hedman - PK : Sean Zimmerman, Danny DeKeiser
Penalty Shots
Claude Giroux, Steven Stamkos, Sean Bergenheim, Andrew Cogliano, Marcus Foligno
Scratches
Michael Raffl (Healthy)
Lightning
5 vs 5 Forward
Center Left Wing Right Wing Time % Phy DF OF
1 Tyler Johnson Henrik Zetterberg Kris Versteeg 40 1 2 2
2 Jean-Gabriel Pageau Daniel Carcillo Reilly Smith 30 1 2 2
3 Mark Scheifele Jaden Schwartz Patrick Kaleta 25 1 2 2
4 Mikael Backlund Darren Helm Scottie Upshall 5 1 2 2
5 vs 5 Defense
Defense Defense Time % Phy DF OF
1 Alex Goligoski Joni Pitkanen 35 1 2 2
2 Ben Lovejoy Justin Schultz 30 1 2 2
3 Jon Merrill Rasmus Ristolainen 30 1 2 2
4 Ben Lovejoy Rasmus Ristolainen 5 1 2 2
PowerPlay Forward
Center Left Wing Right Wing Time % Phy DF OF
1 Tyler Johnson Henrik Zetterberg Kris Versteeg 60 1 1 3
2 Mark Scheifele Daniel Carcillo Reilly Smith 40 1 1 3
PowerPlay Defense
Defense Defense Time % Phy DF OF
1 Alex Goligoski Joni Pitkanen 60 1 2 2
2 Justin Schultz Rasmus Ristolainen 40 1 1 3
Penalty Kill 4 Players Forward
Center Wing Time % Phy DF OF
1 Tyler Johnson Daniel Carcillo 60 1 3 1
2 Jean-Gabriel Pageau Patrick Kaleta 40 1 3 1
Penalty Kill 4 Players Defense
Defense Defense Time % Phy DF OF
1 Alex Goligoski Jon Merrill 60 1 3 1
2 Ben Lovejoy Joni Pitkanen 40 1 3 1
Penalty Kill - 3 Players Forward
Forward Time % Phy DF OF
1 Tyler Johnson 60 1 3 1
2 Jean-Gabriel Pageau 40 1 3 1
Penalty Kill - 3 Players Defense
Defense Defense Time % Phy DF OF
1 Alex Goligoski Jon Merrill 60 1 3 1
2 Ben Lovejoy Joni Pitkanen 40 1 3 1
4 vs 4 Forward
Center Wing Time % Phy DF OF
1 Tyler Johnson Henrik Zetterberg 60 1 2 2
2 Mark Scheifele Kris Versteeg 40 1 2 2
4 vs 4 Defense
Defense Defense Time % Phy DF OF
1 Alex Goligoski Joni Pitkanen 60 1 2 2
2 Ben Lovejoy Rasmus Ristolainen 40 1 2 2
Last Minutes Offensive
Center Left Wing Right Wing Defense Defense
Tyler Johnson Henrik Zetterberg Kris Versteeg Alex Goligoski Rasmus Ristolainen
Last Minutes Defensive
Center Left Wing Right Wing Defense Defense
Tyler Johnson Henrik Zetterberg Kris Versteeg Ben Lovejoy Jon Merrill
Goaltenders
Starting : Philipp Grubauer
Backup : Jhonas Enroth
Extra Forwards
Normal : Mark Scheifele, Reilly Smith, Jaden Schwartz - PP : Mark Scheifele, Reilly Smith - PK : Jaden Schwartz
Extra Defensemen
Normal : Jon Merrill, Rasmus Ristolainen, Alex Goligoski - PP : Jon Merrill - PK : Ben Lovejoy, Rasmus Ristolainen
Penalty Shots
Kris Versteeg, Henrik Zetterberg, Jean-Gabriel Pageau, Mark Scheifele, Jaden Schwartz
Scratches
Brendan Bell (Healthy), Jesper Fast (Healthy)
% Time on Ice - Penguins
Lines # - Real PCT - Wanted PCT - Time Play
Normal Forward
1 - 36% - 40% - 14:35
2 - 25% - 30% - 10:18
3 - 24% - 20% - 9:54
4 - 15% - 10% - 6:17
Normal Defense
1 - 37% - 40% - 15:16
2 - 34% - 30% - 13:55
3 - 25% - 20% - 10:12
4 - 4% - 10% - 1:41
PP Forward
1 - 45% - 60% - 4:25
2 - 55% - 40% - 5:30
PP Defense
1 - 66% - 60% - 6:32
2 - 34% - 40% - 3:23
PK Forward
1 - 70% - 60% - 6:06
2 - 30% - 40% - 2:36
PK Defense
1 - 58% - 60% - 5:01
2 - 42% - 40% - 3:41
PK3 Forward
1 - 0% - 60%
2 - 0% - 40%
PK3 Defense
1 - 0% - 60%
2 - 0% - 40%
44 Forward
1 - 0% - 60%
2 - 0% - 40%
44 Defense
1 - 0% - 60%
2 - 0% - 40%
Last Minute Offensive - 0:00
Last Minute Defensive - 0:19
Total
Forward - 60:00
Defense - 60:00
|
% Time on Ice - Lightning
Lines # - Real PCT - Wanted PCT - Time Play
Normal Forward
1 - 33% - 40% - 13:49
2 - 24% - 30% - 9:50
3 - 22% - 25% - 9:12
4 - 21% - 5% - 8:32
Normal Defense
1 - 36% - 35% - 14:54
2 - 32% - 30% - 13:26
3 - 28% - 30% - 11:36
4 - 4% - 5% - 1:27
PP Forward
1 - 53% - 60% - 4:38
2 - 47% - 40% - 4:04
PP Defense
1 - 63% - 60% - 5:28
2 - 37% - 40% - 3:14
PK Forward
1 - 69% - 60% - 6:50
2 - 31% - 40% - 3:05
PK Defense
1 - 56% - 60% - 5:35
2 - 44% - 40% - 4:20
PK3 Forward
1 - 0% - 60%
2 - 0% - 40%
PK3 Defense
1 - 0% - 60%
2 - 0% - 40%
44 Forward
1 - 0% - 60%
2 - 0% - 40%
44 Defense
1 - 0% - 60%
2 - 0% - 40%
Last Minute Offensive - 0:00
Last Minute Defensive - 0:00
Total
Forward - 60:00
Defense - 60:00
|
Play-by-Play
1st period
0:01 of 1st period - Tyler Johnson wins face-off versus Steven Stamkos in neutral zone.
0:40 of 1st period - Snap shot by Jaden Schwartz.
0:40 of 1st period - Stopped by Michal Neuvirth without a rebound.
0:41 of 1st period - Jean-Gabriel Pageau wins face-off versus Joe Colborne in Penguins zone.
0:42 of 1st period - Wrist shot by Reilly Smith.
0:42 of 1st period - Stopped by Michal Neuvirth without a rebound.
0:43 of 1st period - Joe Colborne wins face-off versus Jean-Gabriel Pageau in Penguins zone.
1:08 of 1st period - Reilly Smith is hit by Victor Hedman and loses puck.
1:21 of 1st period - Wrist shot by Jean-Gabriel Pageau.
1:21 of 1st period - Deflect By Daniel Carcillo.
1:21 of 1st period - Shot Misses the Net.
1:21 of 1st period - Puck is out of play.
1:22 of 1st period - Steven Stamkos wins face-off versus Tyler Johnson in Penguins zone.
1:59 of 1st period - Snap shot by Patrick Kaleta.
1:59 of 1st period - Deflect By Jaden Schwartz.
1:59 of 1st period - Stopped by Michal Neuvirth with a rebound.
2:42 of 1st period - Slapshot by Keith Aulie.
2:42 of 1st period - Stopped by Philipp Grubauer without a rebound.
2:43 of 1st period - Steven Stamkos wins face-off versus Tyler Johnson in Lightning zone.
2:50 of 1st period - Wrist shot by Steven Stamkos.
2:50 of 1st period - Stopped by Philipp Grubauer without a rebound.
2:51 of 1st period - Dustin Brown wins face-off versus Tyler Johnson in Lightning zone.
2:56 of 1st period - Backhand shot by Steven Stamkos.
2:56 of 1st period - Stopped by Philipp Grubauer with a rebound.
2:58 of 1st period - Wrist shot by Steven Stamkos.
2:58 of 1st period - Stopped by Philipp Grubauer with a rebound.
3:00 of 1st period - Slapshot by Keith Aulie.
3:00 of 1st period - Shot Hit the Post.
3:14 of 1st period - Wrist shot by Andrew Cogliano.
3:14 of 1st period - Shot Misses the Net.
3:16 of 1st period - Wrist shot by Steven Stamkos.
3:16 of 1st period - Stopped by Philipp Grubauer with a rebound.
3:18 of 1st period - Slapshot by Keith Aulie.
3:18 of 1st period - Stopped by Philipp Grubauer without a rebound.
3:19 of 1st period - Mark Scheifele wins face-off versus Logan Couture in Lightning zone.
3:46 of 1st period - Reilly Smith is hit by Joe Colborne and loses puck.
3:50 of 1st period - Icing by Jean-Gabriel Pageau.
3:51 of 1st period - Marcus Foligno wins face-off versus Jean-Gabriel Pageau in Lightning zone.
4:24 of 1st period - Wrist shot by Kris Versteeg.
4:24 of 1st period - Stopped by Michal Neuvirth with a rebound.
5:06 of 1st period - Wrist shot by Joe Colborne.
5:06 of 1st period - Deflect By Marcus Foligno.
5:06 of 1st period - Stopped by Philipp Grubauer with a rebound.
5:16 of 1st period - Snap shot by Jaden Schwartz.
5:16 of 1st period - Stopped by Michal Neuvirth with a rebound.
5:18 of 1st period - Snap shot by Jaden Schwartz.
5:18 of 1st period - Stopped by Michal Neuvirth with a rebound.
5:20 of 1st period - Snap shot by Patrick Kaleta.
5:20 of 1st period - Stopped by Michal Neuvirth with a rebound.
6:06 of 1st period - Snap shot by Cal Clutterbuck.
6:06 of 1st period - Goal by Cal Clutterbuck - Penguins : 1 - Lightning : 0.
6:07 of 1st period - Tyler Johnson wins face-off versus Steven Stamkos in neutral zone.
6:34 of 1st period - Jean-Gabriel Pageau is hit by Sean Bergenheim and loses puck.
7:03 of 1st period - Wrist shot by Darren Helm.
7:03 of 1st period - Deflect By Mikael Backlund.
7:03 of 1st period - Stopped by Michal Neuvirth without a rebound.
7:04 of 1st period - Tyler Johnson wins face-off versus Steven Stamkos in Penguins zone.
7:31 of 1st period - Minor Penalty to Steven Stamkos for Cross-checking.
7:32 of 1st period - Henrik Zetterberg wins face-off versus Claude Giroux in Penguins zone.
7:47 of 1st period - Wrist shot by Kris Versteeg.
7:47 of 1st period - Goal by Kris Versteeg - Penguins : 1 - Lightning : 1.
7:48 of 1st period - Steven Stamkos wins face-off versus Tyler Johnson in neutral zone.
8:15 of 1st period - Reilly Smith is hit by Sean Bergenheim and loses puck.
8:26 of 1st period - Snap shot by Sean Bergenheim.
8:26 of 1st period - Shot Misses the Net.
8:46 of 1st period - Icing by Alex Goligoski.
8:47 of 1st period - Mikael Backlund wins face-off versus Tomas Plekanec in Lightning zone.
8:56 of 1st period - Snap shot by Scottie Upshall.
8:56 of 1st period - Shot Misses the Net.
9:17 of 1st period - Slapshot by Tuomo Ruutu.
9:17 of 1st period - Stopped by Philipp Grubauer with a rebound.
9:19 of 1st period - Slapshot by Danny DeKeiser.
9:19 of 1st period - Shot Misses the Net.
9:21 of 1st period - Snap shot by Tuomo Ruutu.
9:21 of 1st period - Shot Misses the Net.
9:23 of 1st period - Snap shot by Tomas Plekanec.
9:23 of 1st period - Stopped by Philipp Grubauer without a rebound.
9:24 of 1st period - Steven Stamkos wins face-off versus Tyler Johnson in Lightning zone.
9:29 of 1st period - Slapshot by Steven Stamkos.
9:29 of 1st period - Stopped by Philipp Grubauer with a rebound.
9:35 of 1st period - Wrist shot by Steven Stamkos.
9:35 of 1st period - Shot Misses the Net.
9:51 of 1st period - Ben Lovejoy is hit by Joe Colborne and loses puck.
10:14 of 1st period - Off-side.
10:15 of 1st period - Jean-Gabriel Pageau wins face-off versus Logan Couture in neutral zone.
10:24 of 1st period - Snap shot by Daniel Carcillo.
10:24 of 1st period - Stopped by Michal Neuvirth without a rebound.
10:25 of 1st period - Steven Stamkos wins face-off versus Jean-Gabriel Pageau in Penguins zone.
10:52 of 1st period - Sean Bergenheim is hit by Justin Schultz and loses puck.
11:03 of 1st period - Snap shot by Patrick Kaleta.
11:03 of 1st period - Deflect By Mark Scheifele.
11:03 of 1st period - Shot Misses the Net.
11:03 of 1st period - Puck is out of play.
11:04 of 1st period - Steven Stamkos wins face-off versus Tyler Johnson in Penguins zone.
11:04 of 1st period - Steven Stamkos is hit by Kris Versteeg.
11:18 of 1st period - Backhand shot by Henrik Zetterberg.
11:18 of 1st period - Stopped by Michal Neuvirth with a rebound.
11:30 of 1st period - Dustin Brown is hit by Rasmus Ristolainen and loses puck.
12:02 of 1st period - Wrist shot by Andrew Cogliano.
12:02 of 1st period - Stopped by Philipp Grubauer with a rebound.
12:06 of 1st period - Snap shot by Andrew Cogliano.
12:06 of 1st period - Deflect By Steven Stamkos.
12:06 of 1st period - Shot Misses the Net.
12:06 of 1st period - Puck is out of play.
12:07 of 1st period - Tyler Johnson wins face-off versus Logan Couture in Lightning zone.
12:07 of 1st period - Tyler Johnson is hit by Keith Aulie.
12:33 of 1st period - Joe Colborne is hit by Reilly Smith and loses puck.
13:26 of 1st period - Matt Corrente is hit by Jaden Schwartz and loses puck.
14:20 of 1st period - Claude Giroux is hit by Darren Helm.
14:39 of 1st period - Henrik Zetterberg is hit by Dustin Brown and loses puck.
14:44 of 1st period - Wrist shot by Andrew Cogliano.
14:44 of 1st period - Shot Blocked by Henrik Zetterberg.
15:00 of 1st period - Eric Gryba is hit by Mark Scheifele and loses puck.
15:23 of 1st period - Snap shot by Daniel Carcillo.
15:23 of 1st period - Stopped by Michal Neuvirth with a rebound.
15:25 of 1st period - Snap shot by Jean-Gabriel Pageau.
15:25 of 1st period - Stopped by Michal Neuvirth with a rebound.
16:57 of 1st period - Snap shot by Tuomo Ruutu.
16:57 of 1st period - Shot Misses the Net.
16:59 of 1st period - Slapshot by Danny DeKeiser.
16:59 of 1st period - Shot Blocked by Mark Scheifele.
17:30 of 1st period - Justin Schultz is hit by Andrew Cogliano and loses puck.
17:43 of 1st period - Sean Bergenheim is hit by Kris Versteeg and loses puck.
18:04 of 1st period - Marcus Foligno is hit by Jean-Gabriel Pageau and loses puck.
18:51 of 1st period - Wrist shot by Steven Stamkos.
18:51 of 1st period - Stopped by Philipp Grubauer with a rebound.
19:05 of 1st period - Logan Couture is hit by Joni Pitkanen and loses puck.
19:12 of 1st period - Wrist shot by Reilly Smith.
19:12 of 1st period - Stopped by Michal Neuvirth with a rebound.
19:14 of 1st period - Slapshot by Daniel Carcillo.
19:14 of 1st period - Stopped by Michal Neuvirth without a rebound.
19:15 of 1st period - Steven Stamkos wins face-off versus Patrick Kaleta in Penguins zone.
19:15 of 1st period - Steven Stamkos is hit by Jaden Schwartz.
19:49 of 1st period - Wrist shot by Claude Giroux.
19:49 of 1st period - Stopped by Philipp Grubauer with a rebound.
Goals for this period are 1 for Penguins vs 1 for Lightning .
Shots for this period are 14 for Penguins vs 15 for Lightning .
2nd period
0:01 of 2nd period - Steven Stamkos wins face-off versus Tyler Johnson in neutral zone.
1:20 of 2nd period - Minor Penalty to Steven Stamkos for Holding.
1:21 of 2nd period - Tyler Johnson wins face-off versus Claude Giroux in Penguins zone.
2:43 of 2nd period - Sean Zimmerman is hit by Mark Scheifele and loses puck.
3:20 of 2nd period - Penalty to Steven Stamkos is over, Steven Stamkos is back on ice.
3:30 of 2nd period - Snap shot by Mikael Backlund.
3:30 of 2nd period - Deflect By Claude Giroux.
3:30 of 2nd period - Stopped by Michal Neuvirth with a rebound.
3:40 of 2nd period - Mikael Backlund is hit by Andrew Cogliano and loses puck.
4:01 of 2nd period - Slapshot by Steven Stamkos.
4:01 of 2nd period - Goal by Steven Stamkos - Penguins : 2 - Lightning : 1.
4:02 of 2nd period - Tyler Johnson wins face-off versus Marcus Foligno in neutral zone.
4:19 of 2nd period - Wrist shot by Kris Versteeg.
4:19 of 2nd period - Shot Misses the Net.
4:25 of 2nd period - Minor Penalty to Marcus Foligno for Interference.
4:26 of 2nd period - Sean Bergenheim wins face-off versus Tyler Johnson in Penguins zone.
4:55 of 2nd period - Wrist shot by Reilly Smith.
4:55 of 2nd period - Goal by Reilly Smith - Penguins : 2 - Lightning : 2.
4:56 of 2nd period - Steven Stamkos wins face-off versus Tyler Johnson in neutral zone.
5:11 of 2nd period - Snap shot by Andrew Cogliano.
5:11 of 2nd period - Deflect By Steven Stamkos.
5:11 of 2nd period - Stopped by Philipp Grubauer with a rebound.
5:25 of 2nd period - Andrew Cogliano is hit by Patrick Kaleta and loses puck.
6:10 of 2nd period - Slapshot by Steven Stamkos.
6:10 of 2nd period - Stopped by Philipp Grubauer with a rebound.
6:12 of 2nd period - Backhand shot by Dustin Brown.
6:12 of 2nd period - Stopped by Philipp Grubauer without a rebound.
6:13 of 2nd period - Logan Couture wins face-off versus Tyler Johnson in Lightning zone.
7:06 of 2nd period - Slapshot by Eric Gryba.
7:06 of 2nd period - Stopped by Philipp Grubauer with a rebound.
7:36 of 2nd period - Marcus Foligno is hit by Daniel Carcillo and loses puck.
8:00 of 2nd period - Wrist shot by Rasmus Ristolainen.
8:00 of 2nd period - Shot Blocked by Keith Aulie.
8:32 of 2nd period - Danny DeKeiser is hit by Daniel Carcillo.
8:50 of 2nd period - Wrist shot by Jaden Schwartz.
8:50 of 2nd period - Stopped by Michal Neuvirth without a rebound.
8:51 of 2nd period - Tyler Johnson wins face-off versus Joe Colborne in Penguins zone.
8:52 of 2nd period - Snap shot by Henrik Zetterberg.
8:52 of 2nd period - Deflect By Tyler Johnson.
8:52 of 2nd period - Shot Blocked by Cal Clutterbuck.
8:52 of 2nd period - Puck is out of play.
8:53 of 2nd period - Joe Colborne wins face-off versus Tyler Johnson in Penguins zone.
10:13 of 2nd period - Wrist shot by Tomas Plekanec.
10:13 of 2nd period - Shot Blocked by Ben Lovejoy.
10:24 of 2nd period - Minor Penalty to Danny DeKeiser for Holding.
10:25 of 2nd period - Claude Giroux wins face-off versus Tyler Johnson in Penguins zone.
10:37 of 2nd period - Slapshot by Claude Giroux.
10:37 of 2nd period - Stopped by Philipp Grubauer with a rebound.
11:01 of 2nd period - Victor Hedman is hit by Alex Goligoski.
11:45 of 2nd period - Rasmus Ristolainen is hit by Sean Bergenheim and loses puck.
12:24 of 2nd period - Penalty to Danny DeKeiser is over, Danny DeKeiser is back on ice.
12:34 of 2nd period - Slapshot by Alex Goligoski.
12:34 of 2nd period - Shot Blocked by Danny DeKeiser.
12:56 of 2nd period - Snap shot by Scottie Upshall.
12:56 of 2nd period - Stopped by Michal Neuvirth with a rebound.
13:34 of 2nd period - Snap shot by Danny DeKeiser.
13:34 of 2nd period - Shot Blocked by Alex Goligoski.
13:36 of 2nd period - Snap shot by Danny DeKeiser.
13:36 of 2nd period - Shot Misses the Net.
13:38 of 2nd period - Snap shot by Claude Giroux.
13:38 of 2nd period - Goal by Claude Giroux - Penguins : 3 - Lightning : 2.
13:39 of 2nd period - Tyler Johnson wins face-off versus Joe Colborne in neutral zone.
13:44 of 2nd period - Sean Zimmerman is hit by Justin Schultz and loses puck.
13:56 of 2nd period - Minor Penalty to Kris Versteeg for High sticking.
13:57 of 2nd period - Logan Couture wins face-off versus Tyler Johnson in Lightning zone.
14:51 of 2nd period - Danny DeKeiser is hit by Darren Helm and loses puck.
15:35 of 2nd period - Keith Aulie is hit by Ben Lovejoy and loses puck.
15:40 of 2nd period - Slapshot by Jean-Gabriel Pageau.
15:40 of 2nd period - Shot Misses the Net.
15:42 of 2nd period - Wrist shot by Ben Lovejoy.
15:42 of 2nd period - Stopped by Michal Neuvirth with a rebound.
15:44 of 2nd period - Slapshot by Joni Pitkanen.
15:44 of 2nd period - Stopped by Michal Neuvirth with a rebound.
15:56 of 2nd period - Penalty to Kris Versteeg is over, Kris Versteeg is back on ice.
16:07 of 2nd period - Wrist shot by Cal Clutterbuck.
16:07 of 2nd period - Shot Blocked by Jaden Schwartz.
16:09 of 2nd period - Slapshot by Eric Gryba.
16:09 of 2nd period - Stopped by Philipp Grubauer with a rebound.
16:15 of 2nd period - Snap shot by Joe Colborne.
16:15 of 2nd period - Shot Blocked by Kris Versteeg.
16:34 of 2nd period - Snap shot by Jaden Schwartz.
16:34 of 2nd period - Stopped by Michal Neuvirth with a rebound.
16:36 of 2nd period - Snap shot by Tyler Johnson.
16:36 of 2nd period - Deflect By Kris Versteeg.
16:36 of 2nd period - Stopped by Michal Neuvirth with a rebound.
17:22 of 2nd period - Wrist shot by Joni Pitkanen.
17:22 of 2nd period - Deflect By Sean Zimmerman.
17:22 of 2nd period - Stopped by Michal Neuvirth without a rebound.
17:23 of 2nd period - Mikael Backlund wins face-off versus Tomas Plekanec in Penguins zone.
17:26 of 2nd period - Snap shot by Scottie Upshall.
17:26 of 2nd period - Shot Blocked by Matt Corrente.
17:38 of 2nd period - Wrist shot by Mikael Backlund.
17:38 of 2nd period - Stopped by Michal Neuvirth with a rebound.
18:43 of 2nd period - Snap shot by Ales Hemsky.
18:43 of 2nd period - Stopped by Philipp Grubauer without a rebound.
18:44 of 2nd period - Steven Stamkos wins face-off versus Tyler Johnson in Lightning zone.
18:47 of 2nd period - Snap shot by Andrew Cogliano.
18:47 of 2nd period - Shot Misses the Net.
18:55 of 2nd period - Snap shot by Andrew Cogliano.
18:55 of 2nd period - Stopped by Philipp Grubauer without a rebound.
18:56 of 2nd period - Logan Couture wins face-off versus Jean-Gabriel Pageau in Lightning zone.
19:03 of 2nd period - Snap shot by Sean Bergenheim.
19:03 of 2nd period - Stopped by Philipp Grubauer without a rebound.
19:04 of 2nd period - Logan Couture wins face-off versus Jean-Gabriel Pageau in Lightning zone.
19:13 of 2nd period - Wrist shot by Logan Couture.
19:13 of 2nd period - Stopped by Philipp Grubauer without a rebound.
19:14 of 2nd period - Tyler Johnson wins face-off versus Steven Stamkos in Lightning zone.
19:29 of 2nd period - Snap shot by Henrik Zetterberg.
19:29 of 2nd period - Stopped by Michal Neuvirth with a rebound.
19:31 of 2nd period - Slapshot by Rasmus Ristolainen.
19:31 of 2nd period - Stopped by Michal Neuvirth without a rebound.
19:32 of 2nd period - Jean-Gabriel Pageau wins face-off versus Logan Couture in Penguins zone.
19:43 of 2nd period - Snap shot by Claude Giroux.
19:43 of 2nd period - Shot Misses the Net.
19:45 of 2nd period - Backhand shot by Sean Bergenheim.
19:45 of 2nd period - Shot Misses the Net.
Goals for this period are 2 for Penguins vs 1 for Lightning .
Shots for this period are 12 for Penguins vs 12 for Lightning .
3rd period
0:01 of 3rd period - Andrew Cogliano wins face-off versus Tyler Johnson in neutral zone.
1:06 of 3rd period - Minor Penalty to Scottie Upshall for Elbowing.
1:07 of 3rd period - Steven Stamkos wins face-off versus Tyler Johnson in Lightning zone.
2:06 of 3rd period - Snap shot by Darren Helm.
2:06 of 3rd period - Stopped by Michal Neuvirth without a rebound.
2:07 of 3rd period - Steven Stamkos wins face-off versus Jaden Schwartz in Penguins zone.
2:51 of 3rd period - Sean Zimmerman is hit by Alex Goligoski and loses puck.
3:04 of 3rd period - Claude Giroux is hit by Jon Merrill and loses puck.
3:06 of 3rd period - Penalty to Scottie Upshall is over, Scottie Upshall is back on ice.
4:21 of 3rd period - Sean Zimmerman is hit by Ben Lovejoy and loses puck.
4:32 of 3rd period - Keith Aulie is hit by Rasmus Ristolainen and loses puck.
4:47 of 3rd period - Snap shot by Tuomo Ruutu.
4:47 of 3rd period - Goal by Tuomo Ruutu - Penguins : 4 - Lightning : 2.
4:48 of 3rd period - Steven Stamkos wins face-off versus Tyler Johnson in neutral zone.
5:37 of 3rd period - Minor Penalty to Jaden Schwartz for Hooking.
5:38 of 3rd period - Tyler Johnson wins face-off versus Steven Stamkos in Lightning zone.
5:44 of 3rd period - Icing by Steven Stamkos.
5:45 of 3rd period - Tyler Johnson wins face-off versus Steven Stamkos in Penguins zone.
5:48 of 3rd period - Wrist shot by Tyler Johnson.
5:48 of 3rd period - Deflect By Daniel Carcillo.
5:48 of 3rd period - Stopped by Michal Neuvirth without a rebound.
5:49 of 3rd period - Steven Stamkos wins face-off versus Tyler Johnson in Penguins zone.
6:20 of 3rd period - Jon Merrill is hit by Sean Bergenheim and loses puck.
7:37 of 3rd period - Penalty to Jaden Schwartz is over, Jaden Schwartz is back on ice.
8:01 of 3rd period - Slapshot by Rasmus Ristolainen.
8:01 of 3rd period - Stopped by Michal Neuvirth with a rebound.
8:34 of 3rd period - Slapshot by Cal Clutterbuck.
8:34 of 3rd period - Stopped by Philipp Grubauer with a rebound.
8:36 of 3rd period - Slapshot by Eric Gryba.
8:36 of 3rd period - Stopped by Philipp Grubauer without a rebound.
8:37 of 3rd period - Dustin Brown wins face-off versus Tyler Johnson in Lightning zone.
8:44 of 3rd period - Wrist shot by Kris Versteeg.
8:44 of 3rd period - Shot Misses the Net.
8:46 of 3rd period - Snap shot by Kris Versteeg.
8:46 of 3rd period - Shot Misses the Net.
8:52 of 3rd period - Wrist shot by Henrik Zetterberg.
8:52 of 3rd period - Shot Blocked by Steven Stamkos.
8:58 of 3rd period - Minor Penalty to Matt Corrente for Hooking.
8:59 of 3rd period - Claude Giroux wins face-off versus Tyler Johnson in Penguins zone.
8:59 of 3rd period - Claude Giroux is hit by Alex Goligoski.
9:35 of 3rd period - Wrist shot by Mark Scheifele.
9:35 of 3rd period - Stopped by Michal Neuvirth with a rebound.
10:58 of 3rd period - Penalty to Matt Corrente is over, Matt Corrente is back on ice.
11:05 of 3rd period - Wrist shot by Scottie Upshall.
11:05 of 3rd period - Shot Blocked by Sean Zimmerman.
11:07 of 3rd period - Slapshot by Jon Merrill.
11:07 of 3rd period - Shot Blocked by Keith Aulie.
11:09 of 3rd period - Snap shot by Darren Helm.
11:09 of 3rd period - Goal by Darren Helm - Penguins : 4 - Lightning : 3.
11:10 of 3rd period - Tyler Johnson wins face-off versus Steven Stamkos in neutral zone.
11:22 of 3rd period - Minor Penalty to Dustin Brown for Hooking.
11:23 of 3rd period - Claude Giroux wins face-off versus Tyler Johnson in Penguins zone.
12:14 of 3rd period - Icing by Tyler Johnson.
12:15 of 3rd period - Tyler Johnson wins face-off versus Claude Giroux in Lightning zone.
12:47 of 3rd period - Off-side.
12:48 of 3rd period - Tyler Johnson wins face-off versus Steven Stamkos in neutral zone.
13:22 of 3rd period - Penalty to Dustin Brown is over, Dustin Brown is back on ice.
15:00 of 3rd period - Slapshot by Logan Couture.
15:00 of 3rd period - Deflect By Sean Bergenheim.
15:00 of 3rd period - Shot Blocked by Mikael Backlund.
15:00 of 3rd period - Puck is out of play.
15:01 of 3rd period - Logan Couture wins face-off versus Mark Scheifele in Lightning zone.
15:04 of 3rd period - Snap shot by Sean Bergenheim.
15:04 of 3rd period - Stopped by Philipp Grubauer with a rebound.
15:21 of 3rd period - Minor Penalty to Joni Pitkanen for Tripping.
15:22 of 3rd period - Tyler Johnson wins face-off versus Steven Stamkos in Lightning zone.
17:21 of 3rd period - Penalty to Joni Pitkanen is over, Joni Pitkanen is back on ice.
17:27 of 3rd period - Jon Merrill is hit by Sean Zimmerman.
17:35 of 3rd period - Minor Penalty to Jean-Gabriel Pageau for Holding.
17:36 of 3rd period - Tyler Johnson wins face-off versus Logan Couture in Lightning zone.
18:07 of 3rd period - Snap shot by Jaden Schwartz.
18:07 of 3rd period - Stopped by Michal Neuvirth with a rebound.
18:09 of 3rd period - Snap shot by Patrick Kaleta.
18:09 of 3rd period - Stopped by Michal Neuvirth with a rebound.
18:16 of 3rd period - Icing by Keith Aulie.
18:17 of 3rd period - Tyler Johnson wins face-off versus Logan Couture in Penguins zone.
18:54 of 3rd period - Snap shot by Dustin Brown.
18:54 of 3rd period - Shot Blocked by Tyler Johnson.
19:06 of 3rd period - Patrick Kaleta is hit by Sean Bergenheim and loses puck.
19:15 of 3rd period - Slapshot by Patrick Kaleta.
19:15 of 3rd period - Shot Blocked by Victor Hedman.
19:25 of 3rd period - Slapshot by Steven Stamkos.
19:25 of 3rd period - Shot Blocked by Patrick Kaleta.
19:27 of 3rd period - Slapshot by Victor Hedman.
19:27 of 3rd period - Shot Misses the Net.
19:31 of 3rd period - Wrist shot by Claude Giroux.
19:31 of 3rd period - Shot Misses the Net.
19:33 of 3rd period - Slapshot by Andrew Cogliano.
19:33 of 3rd period - Shot Misses the Net.
19:35 of 3rd period - Penalty to Jean-Gabriel Pageau is over, Jean-Gabriel Pageau is back on ice.
19:35 of 3rd period - Snap shot by Andrew Cogliano.
19:35 of 3rd period - Shot Blocked by Ben Lovejoy.
19:37 of 3rd period - Slapshot by Claude Giroux.
19:37 of 3rd period - Stopped by Philipp Grubauer with a rebound.
19:55 of 3rd period - Wrist shot by Claude Giroux.
19:55 of 3rd period - Shot Blocked by Joni Pitkanen.
Goals for this period are 1 for Penguins vs 1 for Lightning .
Shots for this period are 5 for Penguins vs 7 for Lightning .
Back to the Top